 Dungeon Sprint DCSS version 0.31-a0-1458-g2f8d4710b4 (webtiles) character file.

Game seed: 7678173573547534369

2399 Groucho the Unseen (level 9, -4/47 HPs)
             Began as a Spriggan Enchanter on Dec 28, 2023.
             Was an Initiate of Dithmenos.
             Shot with a bolt by a yaktaur (32 damage)
             ... in the Dungeon (Sprint II: "The Violet Keep of Menkaure").
             The game lasted 00:06:04 (815 turns).

Groucho the Unseen (Spriggan Enchanter)              Turns: 815, Time: 00:06:05

Health: -4/47      AC:  2    Str:  4    XL:     9   Next: 23%
Magic:  12/20      EV: 19    Int: 20    God:    Dithmenos [......]
Gold:   146        SH:  0    Dex: 16    Spells: 2/22 levels left

rFire   + . .        a - +1 dagger
rCold   . . .        (no shield)
rNeg    . . .        b - +0 robe
rPois   .            (helmet restricted)
rElec   .            (no cloak)
rCorr   .            (gloves unavailable)
SInv    +            (boots unavailable)
Will    +....        (no amulet)
Stlth   ++++++       f - ring of protection from fire
HPRegen 0.27/turn    (no ring)
MPRegen 0.17/turn

%: no teleportation
@: very quick
A: very small, no large weapons, unfitting armour, see invisible, speed 3
a: Renounce Religion


You were in the Dungeon.
You worshipped Dithmenos.
Dithmenos was noncommittal.
You visited 1 branch You collected 972 gold pieces.
You spent 826 gold pieces at shops.

Inventory:

Hand Weapons
 a - a +1 dagger (weapon)
Armour
 b - a +0 robe (worn)
Jewellery
 f - a ring of protection from fire (left hand)
Scrolls
 i - a scroll of blinking
Potions
 c - a potion of invisibility
 d - a potion of curing
 e - a potion of heal wounds
 g - 2 potions of magic
 h - a potion of berserk rage


   Skills:
 - Level 5.0 Fighting
 - Level 10.0 Short Blades
 - Level 5.0 Dodging
 - Level 15.0 Stealth
 - Level 7.0 Spellcasting
 + Level 5.8 Conjurations
 - Level 14.0 Hexes
 + Level 3.1 Fire Magic


You had 2 spell levels left.
You knew the following spells:

 Your Spells              Type           Power      Damage    Failure   Level
a - Ensorcelled Hibernat  Hex/Ice        70%        N/A       1%          2
b - Confusing Touch       Hex            58%        N/A       1%          3
c - Dazzling Flash        Conj/Hex       92%        N/A       1%          3
d - Tukima's Dance        Hex            58%        N/A       1%          3
e - Starburst             Conj/Fire      12%        6d5       92%         6
f - Volatile Blastmotes   Fire/Tloc      26%        2d12      14%         3

Your spell library contained the following spells:

 Spells                   Type           Power      Damage    Failure   Level
 Maxwell's Capacitive Co  Air            3%         ∞         100%        8


Dungeon Overview and Level Annotations

Branches:
Dungeon (1/1)

Altars:
Cheibriados
Dithmenos
Elyvilon
Fedhas
Gozag
Hepliaklqana
Kikubaaqudgha
Makhleb
Nemelex Xobeh
Okawaru
Qazlal
Ru
Sif Muna
Trog
Uskayaw
Vehumet
Wu Jian
Xom
Yredelemnul
Zin
The Shining One
Jiyva
Lugonu

Shops:
D [!::!!*?[=(=?(*

Annotations:
D exclusion: oklob plant


Innate Abilities, Weirdness & Mutations

You are very small and have problems with some larger weapons.
You are too small for most types of armour.
You have supernaturally acute eyesight. (SInv)
You cover ground extremely quickly. (Speed+++)


Message History

Confirm with . or Enter, or press ? or * to list all spells.
Aiming: Ensorcelled Hibernation (safe; 1% risk of failure)
Press: ? - help, Shift-Dir - straight line, f - hornet
Aim: a hornet (chance to affect: 54%)
The hornet resists with significant effort.
The hornet barely misses you. The hornet stings you!
You feel yourself slow down.
Casting: Ensorcelled Hibernation (safe; 1% risk of failure)
Confirm with . or Enter, or press ? or * to list all spells.
Aiming: Ensorcelled Hibernation (safe; 1% risk of failure)
Press: ? - help, Shift-Dir - straight line, f/p - hornet
Aim: a hornet (chance to affect: 54%)
The hornet looks drowsy...
The helpless hornet fails to defend itself.
You skewer the hornet like a kebab!!!!
You kill the hornet!
Dithmenos accepts your kill.
You feel yourself speed up.
Your Fire Magic skill increases to level 3!
Unknown command.
Casting: Ensorcelled Hibernation (safe; 1% risk of failure)
Confirm with . or Enter, or press ? or * to list all spells.
Your hands begin to glow red.
The polar bear barely misses you. The polar bear misses you.
The polar bear claws you.
You hit the polar bear but do no damage.
The polar bear appears confused.
The polar bear is lightly wounded.
You hit the polar bear but do no damage.
The polar bear is lightly wounded.
The polar bear misses you. The polar bear closely misses you.
The polar bear completely misses you.
You hit the polar bear but do no damage.
The polar bear is lightly wounded.
You catch the helpless polar bear completely off-guard!
You spit the polar bear like a pig!!!
The polar bear is almost dead.
The yaktaur wields a +0 arbalest.
The yaktaur shoots a bolt.
The bolt hits you!!
Ouch! That really hurt!
You die...

#..# ...# ...# #.####..##
#..# .# )[$ '###.##..#
+..# .#▓)$??? .##...#..#
#..# .#▓)?$[? <.'.#.'..###
^.##.#▓$($?!
.##.).#....###...##▓▓▓▓▓▓
†###.##......~~ch~~~~~~~~
#.####~~..§..~#'########+#
#..#~~~~~~§.§~#h@_._...#~§
#.##~~~§~~§§.~#._._._._#~§
+##~~~≈≈≈~~~~~#_._._._.#~~
~~~~~§~§≈§≈~~~#._._._._#~~
#+++#~≈≈≈≈≈≈≈~#.._._._.#~~
≈≈ ##≈§≈###≈≈#..._._._#§l
≈≈ #§≈#...._._.#~~ ≈§≈
#§≈#....._..#§≈ ≈S§
§§§§##########§≈


You could see 2 polar bears and a yaktaur.

Vanquished Creatures
  2 boulder beetles (D)
  A merfolk siren (D)
  A polar bear (D)
  A hornet (D)
  Menkaure (D)
  4 necrophages (D)
  4 scorpions (D)
14 creatures vanquished.

Vanquished Creatures (others)
  A crocodile (D)
1 creature vanquished.

Grand Total: 15 creatures vanquished

Notes
Turn   | Place    | Note
-------+----------+-------------------------------------------
     0 | D        | Groucho the Spriggan Enchanter began the quest for the Orb.
     0 | D        | Reached XP level 1. HP: 9/9 MP: 5/5
     3 | D        | Noticed a scorpion
     3 | D        | Noticed a scorpion
     3 | D        | Noticed a scorpion
     3 | D        | Noticed a scorpion
     9 | D        | Killed a scorpion
    10 | D        | Reached skill level 6 in Stealth
    10 | D        | Reached skill level 5 in Hexes
    10 | D        | Reached XP level 2. HP: 15/15 MP: 6/8
    10 | D        | Reached XP level 3. HP: 18/18 MP: 6/9
    17 | D        | Killed a scorpion
    18 | D        | Reached skill level 5 in Short Blades
    18 | D        | Reached skill level 5 in Dodging
    18 | D        | Reached skill level 7 in Stealth
    18 | D        | Reached skill level 5 in Spellcasting
    18 | D        | Reached XP level 4. HP: 16/24 MP: 7/12
    20 | D        | Killed a scorpion
    21 | D        | Reached skill level 9 in Stealth
    21 | D        | Reached XP level 5. HP: 21/30 MP: 7/13
    22 | D        | Reached skill level 5 in Fighting
    22 | D        | Reached skill level 12 in Stealth
    30 | D        | Noticed a merfolk siren
    33 | D        | Killed a merfolk siren
    34 | D        | Reached skill level 15 in Stealth
    34 | D        | Reached skill level 10 in Hexes
    34 | D        | Reached XP level 6. HP: 26/35 MP: 8/14
    34 | D        | Reached XP level 7. HP: 29/39 MP: 8/15
    38 | D        | Noticed a boulder beetle
    38 | D        | Noticed a boulder beetle
    44 | D        | Killed a boulder beetle
    45 | D        | Reached XP level 8. HP: 12/43 MP: 9/16
    64 | D        | Learned a level 2 spell: Ensorcelled Hibernation
    68 | D        | Learned a level 3 spell: Confusing Touch
    72 | D        | Learned a level 3 spell: Dazzling Flash
    76 | D        | Learned a level 3 spell: Tukima's Dance
   620 | D        | Killed a boulder beetle
   621 | D        | Reached skill level 10 in Short Blades
   639 | D        | Found Durhom's Magic Scroll Shoppe.
   639 | D        | Found Fuawkep's Weapon Shoppe.
   639 | D        | Found Herah's Antique Weapon Emporium.
   639 | D        | Found Kyesewk's Jewellery Emporium.
   639 | D        | Found Utol's Jewellery Shoppe.
   640 | D        | Found Mocying's Antique Armour Shoppe.
   640 | D        | Found Aproolit's Magic Scroll Emporium.
   641 | D        | Found Hestucai's General Store.
   641 | D        | Found Ynuof's General Store.
   641 | D        | Found Cyteg's Distillery.
   641 | D        | Noticed Menkaure
   665 | D        | Killed Menkaure
   666 | D        | Reached XP level 9. HP: 47/47 MP: 14/20
   667 | D        | Found Zesapn's Distillery.
   667 | D        | Found Jyliem's Book Emporium.
   667 | D        | Noticed an ice dragon
   667 | D        | Noticed an oklob plant
   668 | D        | Found Yretu's Distillery.
   668 | D        | Found Teczim's Antique Armour Emporium.
   668 | D        | Found Oguim's Book Shoppe.
   704 | D        | Noticed a fire dragon
   708 | D        | Bought a book of Spectacle for 576 gold pieces
   715 | D        | Learned a level 6 spell: Starburst
   718 | D        | Bought a ring of protection from fire for 250 gold pieces
   723 | D        | Learned a level 3 spell: Volatile Blastmotes
   743 | D        | Found an iron altar of Okawaru.
   743 | D        | Found an opulent altar of Gozag.
   744 | D        | Found a sparkling altar of Nemelex Xobeh.
   744 | D        | Found a blossoming altar of Fedhas.
   745 | D        | Found a radiant altar of Vehumet.
   745 | D        | Found a burning altar of Makhleb.
   745 | D        | Found a white marble altar of Elyvilon.
   746 | D        | Found a hide-covered altar of Uskayaw.
   746 | D        | Found a corrupted altar of Lugonu.
   746 | D        | Found a shadowy altar of Dithmenos.
   747 | D        | Found a glowing silver altar of Zin.
   747 | D        | Found a bloodstained altar of Trog.
   747 | D        | Found an ancient bone altar of Kikubaaqudgha.
   776 | D        | Found a basalt altar of Yredelemnul.
   776 | D        | Found a shimmering blue altar of Sif Muna.
   776 | D        | Found a viscous altar of Jiyva.
   776 | D        | Found a snail-covered altar of Cheibriados.
   777 | D        | Found a shimmering altar of Xom.
   777 | D        | Found a sacrificial altar of Ru.
   779 | D        | Found a glowing golden altar of the Shining One.
   779 | D        | Found an ornate altar of the Wu Jian Council.
   779 | D        | Found a stormy altar of Qazlal.
   779 | D        | Found a hazy altar of Hepliaklqana.
   779 | D        | Noticed a polar bear
   779 | D        | Noticed a polar bear
   780 | D        | Noticed a yaktaur
   780 | D        | Noticed a polar bear
   787 | D        | Became a worshipper of Dithmenos the Shadowed
   807 | D        | Killed a polar bear
   808 | D        | Reached skill level 5 in Conjurations
   815 | D        | Shot with a bolt by a yaktaur

Illustrated notes

Levels and vault maps discovered:
D:        the_violet_keep_of_menkaure [sprint2_stairs_cluster_1,
          sprint2_shoproom, sprint2_temple, sprint2_basic_supplies,
          sprint2_obstacle_5, sprint2_obstacle_7, sprint2_obstacle_4,
          sprint2_obstacle_6, sprint2_obstacle_3, sprint2_timed_cluster_1,
          sprint2_smallroom_cluster_1, sprint2_smallroom_final_cluster_1,
          sprint2_transparent_cluster_1, sprint2_second_timed_cluster_1,
          sprint2_sniper_area_1, sprint2_heavy_combat_area_1,
          sprint2_mutation_trap_area_1, sprint2_forest_area_1,
          sprint2_light_combat_area_1, sprint2_behind_water_1,
          sprint2_near_end_vault_1]

Skill      XL: |  1  2  3  4  5  6  7  8  9 |
---------------+----------------------------+-----
Fighting       | 2 3 4 5 |  5.0
Short Blades   | 3 5 7 10 | 10.0
Dodging        | 4 5 |  5.0
Stealth        | 6 7 9 15 | 15.0
Spellcasting   | 4 5 7 |  7.0
Hexes          | 5 10 14 | 14.0
Conjurations   | 4 5 |  5.8
Fire Magic     | 3 |  3.1

Action                     |  1- 3 |  4- 6 |  7- 9 || total
---------------------------+-------+-------+-------++-------
  Melee: Dagger            |    12 |     3 |    52 ||    67
         Punch             |       |       |     2 ||     2
   Cast: Confusing Touch   |       |       |     7 ||     7
         Ensorcelled Hiber |       |       |     4 ||     4
    Use: Potion            |     2 |       |       ||     2
   Stab: Invisible         |     2 |       |     1 ||     3
         Sleeping          |     1 |     3 |     3 ||     7
         Confused          |       |       |     7 ||     7
 Armour: Robe              |     1 |       |    14 ||    15
  Dodge: Dodged            |     6 |       |    20 ||    26

Table legend: (Time is in decaauts)
 A = Elapsed time spent in this place.
 B = Non-inter-level travel time spent in this place.
 C = Inter-level travel time spent in this place.
 D = Time resting spent in this place.
 E = Time spent auto-exploring this place.
 F = Levels seen in this place.
 G = Mean time per level.
                   A        B        C        D        E       F      G
               +--------+--------+--------+--------+--------+-----+--------+
         Total |    719 |    718 |      1 |    503 |     32 |   1 |  719.0 |
       Dungeon |    719 |    718 |      1 |    503 |     32 |   1 |  719.0 |
               +--------+--------+--------+--------+--------+-----+--------+

Top non-repeatable levels by time:
       D: 719 daAuts
